 Dungeon Crawl Stone Soup version 0.17.0-9-g801d43b (console) character file.

1645 Kloppie the Skirmisher (level 8, 0/65 HPs)
             Began as a Demonspawn Fighter on Nov 10, 2015.
             Slain by a killer bee (8 damage)
             ... on level 7 of the Dungeon.
             The game lasted 00:10:37 (5759 turns).

Kloppie the Skirmisher (Demonspawn Fighter)         Turns: 5759, Time: 00:10:37

Health: 0/65       AC: 11    Str: 23    XL:     8   Next: 67%
Magic:  8/8        EV:  9    Int:  9    God:
Gold:   405        SH:  0    Dex: 12    Spells: 0 memorised, 7 levels left

rFire  . . .     SeeInvis .     a - +1 war axe
rCold  . . .     Clarity  .     s - +0 scale mail
rNeg   . . .     SustAt   .     (no shield)
rPois  +         Gourm    .     G - +0 helmet
rElec  .         Spirit   .     i - +0 cloak
rCorr  .         Warding  .     (no gloves)
rMut   .         Stasis   .     (no boots)
MR     .....                    (no amulet)
Stlth  ..........               k - ring of poison resistance
                                f - +3 ring of strength

@: lethally poisoned (0 -> -5), about to teleport, not resistant to hostile
enchantments, extremely unstealthy
A: talons 2, molten scales 1, powered by pain 1
a: no special abilities


You were on level 7 of the Dungeon.
You were hungry.

You visited 1 branch of the dungeon, and saw 7 of its levels.
You also visited: Sewer.

You collected 405 gold pieces.

Inventory:

Hand Weapons
 a - a +1 war axe (weapon)
Missiles
 p - 17 poisoned needles
Armour
 c - a +0 shield
 i - a +0 cloak (worn)
 j - a +0 chain mail
 s - a +0 scale mail (worn)
 E - a +0 plate armour
 G - a +0 helmet (worn)
Jewellery
 f - a +3 ring of strength (left hand)
 k - a ring of poison resistance (right hand)
 t - an uncursed ring of ice
Wands
 n - a wand of slowing (5)
 x - a wand of paralysis (13)
 y - a wand of polymorph (8)
Scrolls
 g - a scroll of noise
 h - a scroll of teleportation
 m - a scroll of immolation
 o - 2 scrolls of blinking
 C - a scroll of amnesia
Potions
 d - a potion of might
 l - a potion of agility
 q - 4 potions of lignification
 r - a potion of magic
 u - a potion of brilliance
 v - a potion of curing
 w - a potion of invisibility
 z - a potion of cure mutation
 A - a potion of heal wounds {unknown}
 B - 2 potions of flight {unknown}
 F - a potion of mutation {unknown}
Comestibles
 b - 5 meat rations
 e - 2 bread rations


   Skills:
 + Level 6.9 Fighting
 + Level 5.9 Axes
 + Level 6.3 Armour
 - Level 3.3 Shields


You had 7 spell levels left.
You didn't know any spells.

Dungeon Overview and Level Annotations

Branches:
Dungeon (7/15)             Temple (0/1) D:7

Altars:

Shops:
D:5 [


Innate Abilities, Weirdness & Mutations

You have razor-sharp toenails.
You are partially covered in molten scales (AC +1).
You sometimes gain a little power by taking damage.


Message History

The killer bee is severely wounded.
The killer bee barely misses you. The killer bee stings you.
* * * LOW HITPOINT WARNING * * *
The killer bee closely misses you.
Drink which item? (? for menu, Esc to quit)
You feel better. The killer bee closely misses you.
The killer bee stings you but does no damage.
Read which item? (? for menu, Esc to quit)
As you read the scroll of teleportation, it crumbles to dust.
You feel strangely unstable.
The killer bee stings you but does no damage.
The killer bee stings you.
* * * LOW HITPOINT WARNING * * *
You hit the killer bee but do no damage.
The killer bee is severely wounded.
The killer bee stings you.
* * * LOW HITPOINT WARNING * * *
You are poisoned.
The killer bee poisons you! The killer bee stings you!
You die...

#..# #. #. #..# #. #.
#..# #. #. #..#
#.###. #####..#######
#..##.
#...(........####.##.
#.###..#.............
#.###....###.####.##.
#.yy@..### #.####.##.
#.F##### #......##.
#..# #########. #..#
#. # #..# #. #..##y.#
#. #y>....# #.
##y###.# #. # #%# ..


You could see a giant frog and 2 killer bees.

Vanquished Creatures
  A water moccasin (D:7)
  Duvessa (D:4)
  2 sky beasts
  An ogre (D:4)
  A necrophage (D:4)
  A big kobold (Sewer)
  2 scorpions
  Dowan (D:4)
  4 killer bees (D:7)
  3 crimson imps (D:5)
  Ijyb (D:2)
  A hound (D:6)
  3 orc priests (D:4)
  3 orc wizards
  5 worker ants
  A hound zombie (D:5)
  A hound skeleton (D:4)
  2 river rats (Sewer)
  9 adders
  2 shadow imps (D:5)
  2 adder skeletons
  A worm (D:5)
  4 giant geckos
  15 orcs
  6 bats
  7 goblins
  9 hobgoblins
  A ball python (D:2)
  4 giant cockroaches
  4 giant newts
  12 jackals
  A jackal skeleton (D:6)
  A jackal zombie (D:5)
  10 kobolds
  7 rats
129 creatures vanquished.

Notes
Turn   | Place    | Note
--------------------------------------------------------------
     0 | D:1      | Kloppie the Demonspawn Fighter began the quest for the Orb.
     0 | D:1      | Reached XP level 1. HP: 18/18 MP: 1/1
   315 | D:1      | Gained mutation: You sometimes gain a little power by taking damage. [demonic ancestry]
   315 | D:1      | Reached XP level 2. HP: 21/24 MP: 2/2
   935 | D:1      | You fall through a shaft!
   957 | D:2      | Reached XP level 3. HP: 29/29 MP: 3/3
  1276 | D:2      | Noticed Ijyb
  1295 | D:2      | Killed Ijyb
  1295 | D:2      | Reached XP level 4. HP: 30/35 MP: 4/4
  1925 | D:3      | Found a faded altar to an unknown god.
  2437 | D:4      | Noticed Dowan
  2455 | D:4      | Killed Dowan
  2455 | D:4      | Reached skill level 4 in Fighting
  2455 | D:4      | Reached XP level 5. HP: 24/42 MP: 5/5
  2456 | D:4      | Noticed Duvessa
  2595 | D:4      | Killed Duvessa
  2595 | D:4      | Gained mutation: You are partially covered in molten scales (AC +1). [demonic ancestry]
  2595 | D:4      | Reached XP level 6. HP: 35/49 MP: 6/6
  2628 | D:4      | Noticed a necrophage
  2639 | D:4      | Killed a necrophage
  2701 | D:4      | Noticed a sky beast
  2712 | D:4      | Killed a sky beast
  3001 | D:4      | Found a glowing drain.
  3023 | Sewer    | Entered a sewer
  3032 | Sewer    | Gained mutation: You have sharp toenails. [demonic ancestry]
  3032 | Sewer    | Reached XP level 7. HP: 51/55 MP: 7/7
  3104 | Sewer    | Reached skill level 5 in Fighting
  3142 | Sewer    | Found a glowing silver altar of Zin.
  3200 | D:4      | Noticed an ogre
  3208 | D:4      | Killed an ogre
  3495 | D:4      | Reached skill level 5 in Armour
  3986 | D:5      | Entered Level 5 of the Dungeon
  4133 | D:5      | Found Mainer's Armour Emporium.
  4184 | D:5      | Reached skill level 5 in Axes
  4222 | D:5      | Gained mutation: You have razor-sharp toenails. [demonic ancestry]
  4222 | D:5      | Reached XP level 8. HP: 53/64 MP: 8/8
  4305 | D:5      | Reached skill level 6 in Fighting
  5395 | D:7      | Found a staircase to the Ecumenical Temple.
  5759 | D:7      | Slain by a killer bee

Action                   |  1- 3 |  4- 6 |  7- 9 || total
-------------------------+-------+-------+-------++-------
Melee: War axe           |   143 |   187 |   251 ||   581
  Use: Scroll            |       |       |    18 ||    18
       Potion            |       |       |     2 ||     2
  Eat: Chunk             |     1 |     6 |     9 ||    16
